 Dungeon Crawl Stone Soup version 0.26.0-18-gc5c842f807 (webtiles) character file.

Game seed: 12150202581780276284

12237 Thargor the Fighter (level 11, -1/99 HPs)
             Began as a Minotaur Fighter on Jan 22, 2021.
             Was an Elder of Qazlal.
             Slain by a sixfirhy (12 damage)
             ... in a Gauntlet.
             The game lasted 00:29:59 (14496 turns).

Thargor the Fighter (Minotaur Fighter)             Turns: 14496, Time: 00:30:00

Health: -1/99      AC: 21    Str: 23    XL:     11   Next: 59%
Magic:  23/23      EV: 11    Int:  5    God:    Qazlal [****..]
Gold:   420        SH: 17    Dex: 11    Spells: 10/10 levels left

rFire    + . .     SeeInvis .   M - +2 scimitar (holy)
rCold    . . .     Faith    .   c - +0 kite shield
rNeg     . . .     Spirit   .   k - +3 chain mail {rF+}
rPois    .         Reflect  .   (helmet restricted)
rElec    .         Harm     .   E - +1 cloak
rCorr    .         Rampage  .   (no gloves)
Will     .....     NoTele   +   (no boots)
Stlth    ..........             (no amulet)
HPRegen  0.26/turn              w - +4 ring of protection
MPRegen  0.18/turn              C - ring of magical power

@: very slightly contaminated, invisible, repel missiles
A: retaliatory headbutt, horns 2
a: Renounce Religion, Upheaval, Elemental Force


You were in a Gauntlet.
You worshipped Qazlal.
Qazlal was greatly pleased with you.
You visited 2 branches of the dungeon, and saw 12 of its levels.
You also visited: Gauntlet.

You collected 870 gold pieces.
You spent 450 gold pieces at shops.

Inventory:

Hand Weapons
 a - a +0 long sword
 M - a +2 scimitar of holy wrath (weapon)
Missiles
 j - 286 stones (quivered)
Armour
 c - a +0 kite shield (worn)
 d - the +5 ring mail "Olari" {rC++ Dex-4 Slay+2}
   (You found it on level 4 of the Dungeon)

   It affects your dexterity (-4).
   It affects your accuracy and damage with ranged weapons and melee attacks
   (+2).
   It greatly protects you from cold.
 g - +2 ice dragon scales
 k - a +3 chain mail of fire resistance (worn)
 E - a +1 cloak (worn)
Jewellery
 r - an uncursed amulet of guardian spirit
 w - a +4 ring of protection (left hand)
 C - a ring of magical power (right hand)
 L - a +6 ring of intelligence {unknown}
Wands
 b - a wand of disintegration (17)
 o - a wand of paralysis (3)
 q - a wand of random effects (27)
 s - a wand of acid (16)
 F - a wand of iceblast (16)
 J - a wand of digging (5)
Scrolls
 e - 6 scrolls of identify
 i - 2 scrolls of blinking
 l - 3 scrolls of magic mapping
 m - 8 scrolls of teleportation
 n - 6 scrolls of fog
 p - 4 scrolls of remove curse
 u - 2 scrolls of fear {unknown}
 v - 3 scrolls of amnesia {unknown}
 y - 2 scrolls of random uselessness
 z - 2 scrolls of immolation
 H - a scroll of holy word {unknown}
 K - a scroll of silence {unknown}
Potions
 f - 4 potions of heal wounds {unknown}
 h - 5 potions of attraction
 t - a potion of lignification {unknown}
 x - 2 potions of ambrosia {unknown}
 A - a potion of flight
 B - 2 potions of degeneration
 D - a potion of haste {unknown}
 I - 2 potions of curing {unknown}


   Skills:
 + Level 10.1 Fighting
 + Level 9.6 Long Blades
 + Level 10.1 Armour
 + Level 8.6 Dodging
 + Level 10.0 Shields
 + Level 6.5 Invocations


You had 10 spell levels left.
You didn't know any spells.
Your spell library contained the following spells:

 Spells                   Type           Power        Failure   Level
 Magic Dart               Conj           0%           99%         1


Dungeon Overview and Level Annotations

Branches:
Dungeon (11/15)            Temple (1/1) D:6            Lair (0/6) D:10
    Orc (0/2) D:11        Gauntlet (1/1)

Altars:
Ashenzari
Cheibriados
Dithmenos
Elyvilon
Fedhas
Gozag
Hepliaklqana
Kikubaaqudgha
Makhleb
Nemelex Xobeh
Okawaru
Qazlal
Ru
Sif Muna
Trog
Uskayaw
Vehumet
Wu Jian
Xom
Yredelemnul
Zin
The Shining One

Shops:
D:5 (   D:7 ![?!(

Annotations:
D:5 1 runed translucent door, Descartes's ghost, novice DECj; Prince Ribbit
D:11 Sonja Gauntlet 9 transporters


Innate Abilities, Weirdness & Mutations

You reflexively headbutt those who attack you in melee.
You have a pair of horns on your head.


Message History

You block the sixfirhy's attack.
The sixfirhy hits you but does no damage.
You block the sixfirhy's attack.
You slash the sixfirhy!
The sixfirhy convulses!
The sixfirhy is almost dead.
You miss the sixfirhy.
The sixfirhy is almost dead.
You miss the sixfirhy. Your headbutt misses the sixfirhy.
The sixfirhy is severely wounded.
You block the sixfirhy's attack. x2; The sixfirhy barely misses you.
You riposte.
You miss the sixfirhy.
The sixfirhy is severely wounded.
You hit the sixfirhy.
The sixfirhy convulses.
You headbutt the sixfirhy, but do no damage.
The sixfirhy is almost dead.
The white imp shouts!
You block the sixfirhy's attack. The sixfirhy hits you.
* * * LOW HITPOINT WARNING * * *
The sixfirhy shocks you!
You die...

#..#....©....#...#....D##©##.
###..###########...###########.
#8#.....#.©.#....≈....#.©.#....
###...8.#...#...≈8§...#...#.8..
#.....#.©.#....§....#.©.#....
###..###########...###########.
#8#..#..≈≈..○≈.#...#.5.#.#...#.
###..#.≈..≈..○.#...#5.#...#..#.
#..#.≈.≈≈.≈≈@#...#p##...##.#.
###..#≈.≈...☼3§#...##5.#.#..##.
#8#..#≈..≈.≈.≈≈#...#5.5.©....#.
###..#.≈.≈≈≈.≈.#...##..#.#..##.
#..#.≈≈...≈..#...#p#######.#.
###..#.≈...≈.≈.#...#5.#...#..#.
#8#..#).≈.©$.≈=#...#..[?©.=..#.
###..###########...###########.
#.....#.©.#....≈....#.©.#....


You could see 2 wizards, a sixfirhy, 3 white imps and 2 shadow imps.

Vanquished Creatures
  2 two-headed ogres (D:10)
  2 sixfirhies (Gauntlet)
  An ugly thing (D:11)
  Maurice (D:8)
  Psyche (D:8)
  A gargoyle (D:11)
  2 trolls
  Grinder (D:3)
  4 shadows (Gauntlet)
  3 yaks (D:9)
  4 fire bats (D:8)
  Grum (D:8)
  2 wargs (D:10)
  2 soldier ants (D:8)
  A hell hound (D:8)
  5 orc warriors
  An ice beast (D:7)
  A black bear (D:8)
  A hornet zombie (D:5)
  2 sky beasts
  An eye of draining (D:11)
  2 necrophages
  A phantom (D:7)
  9 ogres
  3 wolves (D:8)
  5 centaurs
  A big kobold (D:9)
  A gnoll sergeant (D:5)
  A wyvern skeleton (D:10)
  2 scorpions
  4 killer bees
  10 wights (D:9)
  10 electric eels (D:10)
  2 lava snakes (D:8)
  A centaur zombie (D:10)
  3 orc wizards
  4 hounds
  2 jellies (D:6)
  2 gnoll shamans (D:5)
  6 orc priests
  3 bullfrog skeletons
  A centaur skeleton (D:11)
  Ijyb (D:4)
  2 iguanas
  Terence (D:3)
  13 worker ants
  45 gnolls (D:5)
  2 howler monkey skeletons
  6 adders
  A shadow imp (D:6)
  A white imp (D:6)
  An ufetubus (D:7)
  2 oozes
  2 worms
  2 dart slugs (D:1)
  5 leopard geckos
  48 orcs
  A ball python (D:1)
  3 giant cockroaches
  7 hobgoblins
  19 jackals
  4 quokkas
  8 bats
  6 frilled lizards
  6 goblins
  13 kobolds
  A quokka skeleton (D:6)
  A quokka zombie (D:9)
  7 rats
  A fire vortex (D:8)
321 creatures vanquished.

Vanquished Creatures (others)
  A fire vortex (D:8)
  5 fungi (Gauntlet)
  22 plants
28 creatures vanquished.

Grand Total: 349 creatures vanquished

Notes
Turn   | Place    | Note
-------+----------+-------------------------------------------
     0 | D:1      | Thargor the Minotaur Fighter began the quest for the Orb.
     0 | D:1      | Reached XP level 1. HP: 19/19 MP: 0/0
   199 | D:1      | Reached XP level 2. HP: 25/27 MP: 1/1
   368 | D:1      | Reached skill level 1 in Dodging
   464 | D:1      | Reached XP level 3. HP: 32/33 MP: 2/2
  1629 | D:3      | Reached XP level 4. HP: 29/40 MP: 3/3
  1849 | D:3      | Found a stormy altar of Qazlal.
  1851 | D:3      | Noticed an air elemental
  1852 | D:3      | Noticed a water elemental
  1852 | D:3      | Noticed an earth elemental
  1852 | D:3      | Noticed a fire elemental
  1917 | D:3      | Reached XP level 5. HP: 43/47 MP: 4/4
  2040 | D:3      | Noticed Terence
  2044 | D:3      | Killed Terence
  2185 | D:3      | Noticed Grinder
  2190 | D:3      | Paralysed by Grinder for 5 turns
  2507 | D:3      | Became a worshipper of Qazlal Stormbringer
  2549 | D:3      | Paralysed by Grinder for 5 turns
  2562 | D:3      | Killed Grinder
  2563 | D:3      | Reached skill level 5 in Fighting
  2563 | D:3      | Reached skill level 5 in Armour
  2563 | D:3      | Reached skill level 5 in Shields
  2563 | D:3      | Reached XP level 6. HP: 54/56 MP: 5/5
  3182 | D:4      | Got a heavily runed ring mail
  3183 | D:4      | Identified the +5 ring mail "Olari" {rC++ Dex-4 Slay+2}
                  | (You found it on level 4 of the Dungeon)
  3212 | D:4      | Noticed Ijyb
  3221 | D:4      | Killed Ijyb
  3446 | D:4      | Reached XP level 7. HP: 61/61 MP: 6/6
  3879 | D:4      | Found a burning altar of Makhleb.
  3923 | D:5      | Entered Level 5 of the Dungeon
  3935 | D:5      | Noticed Descartes's ghost (novice DECj)
  3936 | D:5      | Found a runed translucent door.
  4188 | D:5      | Found a glowing silver altar of Zin.
  4212 | D:5      | Found a shimmering altar of Xom.
  4214 | D:5      | Found a glowing golden altar of the Shining One.
  4268 | D:5      | Found an ornate altar of the Wu Jian Council.
  4367 | D:5      | Found Atsir's Weapon Emporium.
  4570 | D:5      | Reached skill level 5 in Long Blades
  4808 | D:5      | Reached * piety under Qazlal
  4937 | D:5      | Noticed a two-headed ogre
  5256 | D:5      | Reached XP level 8. HP: 55/70 MP: 7/7
  5257 | D:5      | Reached skill level 1 in Invocations
  5375 | D:5      | Noticed Prince Ribbit
  6571 | D:6      | Reached ** piety under Qazlal
  6934 | D:6      | Reached skill level 5 in Dodging
  7320 | D:6      | Reached XP level 9. HP: 73/79 MP: 10/10
  7707 | D:6      | Found a staircase to the Ecumenical Temple.
  7749 | Temple   | Entered the Ecumenical Temple
  8036 | D:7      | Found Oletor's Magic Scroll Shop.
  8040 | D:7      | Bought a scroll of identify for 24 gold pieces
  8040 | D:7      | Bought a scroll of magic mapping for 42 gold pieces
  8040 | D:7      | Bought a scroll of teleportation for 36 gold pieces
  8040 | D:7      | Bought a scroll of fog for 24 gold pieces
  8040 | D:7      | Bought a scroll of identify for 24 gold pieces
  8040 | D:7      | Bought a scroll of blinking for 90 gold pieces
  8040 | D:7      | Bought a scroll of random uselessness for 12 gold pieces
  8040 | D:7      | Bought a scroll of immolation for 42 gold pieces
  8342 | D:7      | Found Gyefo's Antique Armour Shop.
  8356 | D:7      | Found Qeman's Distillery.
  8402 | D:7      | Bought a potion of berserk rage for 65 gold pieces
  8402 | D:7      | Bought a potion of flight for 39 gold pieces
  8402 | D:7      | Bought a potion of degeneration for 13 gold pieces
  8402 | D:7      | Bought a potion of attraction for 39 gold pieces
  8573 | D:7      | Found Oggo's Distillery.
  8873 | D:7      | Found Wyxkom Etoth's Antique Weapon Shop.
  9603 | D:8      | Noticed Grum
  9618 | D:8      | Killed Grum
  9638 | D:8      | Noticed Psyche
  9794 | D:8      | Found a bloodstained altar of Trog.
  9800 | D:8      | Found a snail-covered altar of Cheibriados.
  9833 | D:8      | Noticed Maurice
  9848 | D:8      | Killed Maurice
  9849 | D:8      | Reached XP level 10. HP: 88/88 MP: 12/12
  9977 | D:8      | Reached *** piety under Qazlal
 10282 | D:8      | Killed Psyche
 10500 | D:9      | Reached skill level 5 in Invocations
 10589 | D:9      | Found a sacrificial altar of Ru.
 10774 | D:9      | Identified the +11 short sword of Conscience {elec, *Drain
                  | rF+ rC++ Str+2}
 10916 | D:9      | Found a shadowy altar of Dithmenos.
 11147 | D:9      | Reached **** piety under Qazlal
 11459 | D:9      | Found an ancient bone altar of Kikubaaqudgha.
 11459 | D:9      | Found a shimmering blue altar of Sif Muna.
 11461 | D:9      | Found a radiant altar of Vehumet.
 11464 | D:9      | Identified Vehumet's Catalogue of Confrontation
 11519 | D:10     | Entered Level 10 of the Dungeon
 11526 | D:10     | Noticed a two-headed ogre
 12302 | D:10     | Killed a two-headed ogre
 12303 | D:10     | Reached XP level 11. HP: 60/97 MP: 14/14
 13618 | D:10     | Found a staircase to the Lair.
 13984 | D:11     | Noticed Sonja
 13988 | D:11     | Noticed a two-headed ogre
 13988 | D:11     | Identified the +2 scale mail "Tautemim" {Dex+2}
 14009 | D:10     | Killed a two-headed ogre
 14111 | D:11     | Noticed a red ugly thing
 14124 | D:11     | Killed a red ugly thing
 14132 | D:11     | Found a gate leading to a gauntlet.
 14141 | Gauntlet | Entered a Gauntlet
 14141 | Gauntlet | Found a transporter.
 14141 | Gauntlet | Found a transporter.
 14141 | Gauntlet | Found a transporter.
 14191 | Gauntlet | Found a transporter.
 14191 | Gauntlet | Found a transporter.
 14194 | Gauntlet | Noticed a sixfirhy
 14199 | Gauntlet | Noticed a sixfirhy
 14204 | Gauntlet | Noticed a sixfirhy
 14204 | Gauntlet | Noticed a wizard
 14205 | Gauntlet | Found a transporter.
 14206 | Gauntlet | Found a transporter.
 14207 | Gauntlet | Noticed a wizard
 14207 | Gauntlet | Noticed an entropy weaver
 14217 | Gauntlet | Found a transporter.
 14257 | Gauntlet | Found a transporter.
 14315 | Gauntlet | Found a transporter.
 14319 | Gauntlet | Found a transporter.
 14329 | Gauntlet | Found a transporter.
 14481 | Gauntlet | Killed a sixfirhy
 14482 | Gauntlet | Reached skill level 10 in Fighting
 14482 | Gauntlet | Reached skill level 10 in Armour
 14489 | Gauntlet | Killed a sixfirhy
 14490 | Gauntlet | Reached skill level 10 in Shields
 14496 | Gauntlet | Slain by a sixfirhy

Illustrated notes

Levels and vault maps discovered:
D:1:      matt_arrival_los_fun, layout_basic, hex_large
D:2:      layout_basic
D:3:      layout_loops_ring, nicolae_qazlal_style_of_elements,
          minmay_misc_feat_rugged, uniq_terence, uniq_grinder
D:4:      layout_basic, lemuel_coloured_pillars_altar, uniq_ijyb
D:5:      lemuel_castle_with_subvaults [lemuel_castle_interior_original],
          layout_basic, zin_academy, kennysheep_mini,
          chequers_temple_overflow_statue_of_worship, serial_shops,
          nicolae_shop_behind_doors, hellmonk_ghost_happy_afterlife,
          uniq_prince_ribbit1
D:6:      layout_basic, minmay_temple_entry_glassed_door
D:7:      layout_layer_cave, serial_shops, shop, shop, shop, shop, shop,
          grunt_ministairs_8
D:8:      layout_gridville, nicolae_overflow_hidden_temple, minivault_24,
          hangedman_pestilent_swarm, hangedman_incinerator, uniq_grum,
          uniq_psyche, uniq_maurice
D:9:      layout_loops_ring, grunt_temple_overflow_magic_moments,
          general_overflow_altar, nicolae_ru_sacrificial_ziggurat, special_room
          [special_room_orc]
D:10:     layout_basic, erik_lair_orcish_takeover, special_room
          [special_room_orc], kennysheep_crisscross
D:11:     lemuel_insect_pit, layout_loops_ring,
          kennysheep_orc_monster_closet_entryway, gauntlet_entry_generic,
          serial_shops, shop_scrolls, nicolae_shop_behind_doors,
          maelrawn_ghost_gauntlet_escape, onia_ninara_cookie, uniq_sonja
Temple:   compressed_dpeg_triangle_lava_temple
Gauntlet: gammafunk_gauntlet_hard_choice [nicolae_gauntlet_arena_t_cross,
          gammafunk_gauntlet_arena_spirals, nicolae_gauntlet_arena_flowing_pool,
          gammafunk_gauntlet_arena_chambers, gammafunk_gauntlet_arena_hedges,
          nicolae_gauntlet_arena_blocks, gauntlet_exit_hidden_loot]

Skill      XL: |  1  2  3  4  5  6  7  8  9 10 11 |
---------------+----------------------------------+-----
Dodging        | 1 2 3 4 5 6 7 8 |  8.6
Fighting       | 4 5 6 7 8 9 10 | 10.1
Armour         | 4 5 6 7 8 9 10 | 10.1
Shields        | 4 5 6 7 8 9 10 | 10.0
Long Blades    | 3 4 5 6 7 8 9 |  9.6
Invocations    | 2 4 5 6 |  6.5

Action                   |  1- 3 |  4- 6 |  7- 9 | 10-12 || total
-------------------------+-------+-------+-------+-------++-------
Melee: Long sword        |   103 |   125 |   475 |   393 ||  1096
       Headbutt          |    21 |    16 |    93 |    87 ||   217
       Scimitar          |       |       |       |    53 ||    53
Throw: Stone             |       |       |     1 |       ||     1
Evoke: Wand              |       |       |       |    10 ||    10
  Use: Scroll            |       |     4 |     2 |     1 ||     7
       Potion            |       |     3 |       |     3 ||     6
 Stab: Invisible         |       |       |       |     1 ||     1
Armor: Scale mail        |    37 |       |       |       ||    37
       Chain mail        |    28 |    56 |   187 |   127 ||   398
Dodge: Dodged            |    31 |    27 |   124 |   126 ||   308
       Repelled          |       |       |       |     9 ||     9
Block: Kite shield       |    67 |    59 |   333 |   338 ||   797
       Rpst.: Long sword |     8 |     7 |    35 |    25 ||    75
       Scimitar          |       |       |       |     4 ||     4
